| TOP OF THE 1ST |
|
Altoona Curve batting - Pitching for San Antonio Missions : RHP Eric Ovitt
|
|
Pitching: RHP Eric Ovitt
|
|
|
Batting: RHB Nelson Ozuna
|
0-0: Fly out, F7 (Flyball, 78S, EV 90.0 MPH)
|
|
Batting: LHB Jesse Henly
|
0-0: Foul Ball, location: 2F 0-1: Ground out 6-3 (Groundball, 6, EV 81.9 MPH)
|
|
Batting: RHB Matt Keef
|
0-0: Called Strike 0-1: Ball 1-1: Ground out 6-3 (Groundball, 6MD, EV 98.8 MPH)
|
| Top of the 1st over - 0 runs, 0 hits, 0 errors, 0 left on base; Altoona 0 - San Antonio 0 |
| BOTTOM OF THE 1ST |
|
San Antonio Missions batting - Pitching for Altoona Curve : RHP Antonio Alvarez
|
|
Pitching: RHP Antonio Alvarez
|
|
|
Batting: LHB Tsutomu Miyahara
|
0-0: Called Strike 0-1: Foul Ball, location: 2F 0-2: Foul Ball, location: 2F 0-2: Strikes out looking
|
|
Batting: LHB Ryan Flynn Jr.
|
0-0: Swinging Strike 0-1: Called Strike 0-2: SINGLE (Line Drive, 7S, EV 88.1 MPH)
|
|
Batting: LHB Conrad Taylor
|
0-0: Called Strike Ryan Flynn Jr. steals 2nd base (no throw) 0-1: Fly out, F8 (Flyball, 8LD, EV 109.4 MPH)
|
|
Batting: SHB Curtis Thompson
|
0-0: Called Strike 0-1: Ball 1-1: Called Strike 1-2: Foul Ball, location: 2F 1-2: Foul Ball, location: 2F 1-2: Foul Ball, location: 2F 1-2: Ball 2-2: Foul Ball, location: 2F 2-2: Ball 3-2: Foul Ball, location: 2F 3-2: Base on Balls
|
|
Batting: RHB Scott Schwartz
|
0-0: Called Strike 0-1: Ball 1-1: Ball 2-1: Ground out U3 (Groundball, 34, EV 85.0 MPH)
|
| Bottom of the 1st over - 0 runs, 1 hit, 0 errors, 2 left on base; Altoona 0 - San Antonio 0 |
| TOP OF THE 2ND |
|
Altoona Curve batting - Pitching for San Antonio Missions : RHP Eric Ovitt
|
|
Batting: RHB Terry Sutherland
|
0-0: Foul Ball, location: 2F 0-1: Swinging Strike 0-2: Strikes out swinging
|
|
Batting: SHB Trevor Weareorwear
|
0-0: Swinging Strike 0-1: Swinging Strike 0-2: Ball 1-2: Foul Ball, location: 2F 1-2: Foul Ball, location: 2F 1-2: Ball 2-2: Ground out U3 (Groundball, 34, EV 102.5 MPH)
|
|
Batting: RHB Killian Jones
|
0-0: Ball 1-0: Swinging Strike 1-1: Swinging Strike 1-2: Foul Ball, location: 2F 1-2: Ground out 5-3 (Groundball, 56, EV 83.1 MPH)
|
| Top of the 2nd over - 0 runs, 0 hits, 0 errors, 0 left on base; Altoona 0 - San Antonio 0 |
| BOTTOM OF THE 2ND |
|
San Antonio Missions batting - Pitching for Altoona Curve : RHP Antonio Alvarez
|
|
Batting: LHB Josh Slusarczyk
|
0-0: Ball 1-0: Ball 2-0: Foul Ball, location: 2F 2-1: Called Strike 2-2: Strikes out swinging
|
|
Batting: RHB Min-chin Yi
|
0-0: Ball 1-0: Called Strike 1-1: Ball 2-1: Swinging Strike 2-2: Ball 3-2: Strikes out swinging
|
|
Batting: LHB Alejandro Matos
|
0-0: Ball 1-0: Ball 2-0: Swinging Strike 2-1: Ball 3-1: Foul Ball, location: 2F 3-2: Foul Ball, location: 2F 3-2: Fly out, F7 (Flyball, 7S, EV 87.5 MPH)
|
| Bottom of the 2nd over - 0 runs, 0 hits, 0 errors, 0 left on base; Altoona 0 - San Antonio 0 |
| TOP OF THE 3RD |
|
Altoona Curve batting - Pitching for San Antonio Missions : RHP Eric Ovitt
|
|
Batting: SHB Jerry Massey
|
0-0: Ball 1-0: Ball 2-0: Ball 3-0: Swinging Strike 3-1: Swinging Strike 3-2: Foul Ball, location: 2F 3-2: Strikes out swinging
|
|
Batting: RHB Keiji Nakajima
|
0-0: Foul Ball, location: 2F 0-1: Swinging Strike 0-2: Ball 1-2: Ball 2-2: Foul Ball, location: 2F 2-2: Foul Ball, location: 2F 2-2: Foul Ball, location: 2F 2-2: Strikes out looking
|
|
Batting: RHB Pedro Criollo
|
0-0: Swinging Strike 0-1: Swinging Strike 0-2: Strikes out swinging
|
| Top of the 3rd over - 0 runs, 0 hits, 0 errors, 0 left on base; Altoona 0 - San Antonio 0 |
| BOTTOM OF THE 3RD |
|
San Antonio Missions batting - Pitching for Altoona Curve : RHP Antonio Alvarez
|
|
Batting: SHB Ryohei Nakano
|
0-0: Ball 1-0: Ball 2-0: Called Strike 2-1: Foul Ball, location: 2F 2-2: Ball 3-2: Strikes out looking
|
|
Batting: LHB Tsutomu Miyahara
|
0-0: Foul Ball, location: 2F 0-1: SINGLE (Groundball, 34D, EV 101.9 MPH)
|
|
Batting: LHB Ryan Flynn Jr.
|
0-0: Ball Tsutomu Miyahara steals 2nd base 1-0: Called Strike 1-1: Ball 2-1: Swinging Strike 2-2: Ball 3-2: Base on Balls
|
|
Batting: LHB Conrad Taylor
|
0-0: Foul Ball, location: 2F 0-1: Ball 1-1: Ball 2-1: Ball Tsutomu Miyahara steals 3rd base 3-1: Swinging Strike 3-2: Ground out U3 (Groundball, 3S, EV 83.1 MPH) Tsutomu Miyahara scores Ryan Flynn Jr. to second
|
|
Batting: SHB Curtis Thompson
|
0-0: Ball 1-0: Ball 2-0: Foul Ball, location: 2F 2-1: Ball 3-1: SINGLE (Line Drive, 4MD, EV 98.8 MPH) Ryan Flynn Jr. to third Runner from 3rd tries for Home, SAFE, throw by CF to home Curtis Thompson to second
|
|
Batting: RHB Scott Schwartz
|
0-0: Ball 1-0: Called Strike 1-1: Swinging Strike 1-2: Strikes out swinging
|
| Bottom of the 3rd over - 2 runs, 2 hits, 0 errors, 1 left on base; Altoona 0 - San Antonio 2 |
| TOP OF THE 4TH |
|
Altoona Curve batting - Pitching for San Antonio Missions : RHP Eric Ovitt
|
|
Batting: RHB Nelson Ozuna
|
0-0: Ball 1-0: Ball 2-0: Swinging Strike 2-1: Ball 3-1: Base on Balls
|
|
Batting: LHB Jesse Henly
|
0-0: Fly out, F8 (Flyball, 8LS, EV 83.8 MPH)
|
|
Batting: RHB Matt Keef
|
0-0: Ball 1-0: Called Strike 1-1: Ball 2-1: Ball 3-1: Fly out, F8 (Flyball, 78S, EV 73.8 MPH)
|
|
Batting: RHB Terry Sutherland
|
0-0: Ball Nelson Ozuna is caught stealing 2nd base 2-4
|
| Top of the 4th over - 0 runs, 0 hits, 0 errors, 0 left on base; Altoona 0 - San Antonio 2 |
| BOTTOM OF THE 4TH |
|
San Antonio Missions batting - Pitching for Altoona Curve : RHP Antonio Alvarez
|
|
Batting: LHB Josh Slusarczyk
|
0-0: Ball 1-0: Foul Ball, location: 2F 1-1: Fly out, F4 (Flyball, 3D, EV 86.9 MPH)
|
|
Batting: RHB Min-chin Yi
|
0-0: Ball 1-0: Fly out, F7 (Line Drive, 78M, EV 103.8 MPH)
|
|
Batting: LHB Alejandro Matos
|
0-0: Ball 1-0: Ball 2-0: Ball 3-0: Called Strike 3-1: Swinging Strike 3-2: Base on Balls
|
|
Batting: SHB Ryohei Nakano
|
0-0: Called Strike 0-1: Swinging Strike 0-2: Foul Ball, location: 2F 0-2: Ball 1-2: Foul Ball, location: 2F 1-2: Strikes out swinging
|
| Bottom of the 4th over - 0 runs, 0 hits, 0 errors, 1 left on base; Altoona 0 - San Antonio 2 |
| TOP OF THE 5TH |
|
Altoona Curve batting - Pitching for San Antonio Missions : RHP Eric Ovitt
|
|
Batting: RHB Terry Sutherland
|
0-0: Called Strike 0-1: Swinging Strike 0-2: Ground out U3 (Groundball, 34S, EV 79.4 MPH)
|
|
Batting: SHB Trevor Weareorwear
|
0-0: Foul Ball, location: 2F 0-1: Ball 1-1: Swinging Strike 1-2: Strikes out swinging
|
|
Batting: RHB Killian Jones
|
0-0: SINGLE (Groundball, 6D, EV 111.9 MPH)
|
|
Batting: SHB Jerry Massey
|
0-0: Ball 1-0: Swinging Strike 1-1: Fly out, F5 (Popup, 25F, EV 89.4 MPH)
|
| Top of the 5th over - 0 runs, 1 hit, 0 errors, 1 left on base; Altoona 0 - San Antonio 2 |
| BOTTOM OF THE 5TH |
|
San Antonio Missions batting - Pitching for Altoona Curve : RHP Antonio Alvarez
|
|
Batting: LHB Tsutomu Miyahara
|
0-0: Called Strike 0-1: Ball 1-1: Ball 2-1: Swinging Strike 2-2: Ball 3-2: Fly out, F8 (Line Drive, 8RM, EV 85.6 MPH)
|
|
Batting: LHB Ryan Flynn Jr.
|
0-0: Foul Ball, location: 2F 0-1: Ball 1-1: SINGLE (Groundball, 4MD, EV 98.1 MPH)
|
|
Batting: LHB Conrad Taylor
|
0-0: Ball 1-0: Called Strike Ryan Flynn Jr. steals 2nd base 1-1: Foul Ball, location: 2F 1-2: Ball 2-2: Strikes out swinging
|
|
Pitching: RHP Justin Jones
|
|
|
Batting: SHB Curtis Thompson
|
0-0: Ball 1-0: Ball 2-0: Ground out 4-3 (Groundball, 4D, EV 103.1 MPH)
|
| Bottom of the 5th over - 0 runs, 1 hit, 0 errors, 1 left on base; Altoona 0 - San Antonio 2 |
| TOP OF THE 6TH |
|
Altoona Curve batting - Pitching for San Antonio Missions : RHP Eric Ovitt
|
|
Batting: RHB Keiji Nakajima
|
0-0: Ball 1-0: Ball 2-0: Called Strike 2-1: Swinging Strike 2-2: Ground out 6-3 (Groundball, 6, EV 90.0 MPH)
|
|
Batting: RHB Pedro Criollo
|
0-0: Ball 1-0: Fly out, F7 (Flyball, 7LS, EV 76.3 MPH)
|
|
Batting: RHB Nelson Ozuna
|
0-0: Called Strike 0-1: Ball 1-1: Foul Ball, location: 2F 1-2: Foul Ball, location: 2F 1-2: Ball 2-2: Foul Ball, location: 2F 2-2: Foul Ball, location: 2F 2-2: SINGLE (Line Drive, 7S, EV 91.9 MPH)
|
|
Batting: LHB Jesse Henly
|
0-0: Ball Nelson Ozuna steals 2nd base 1-0: Foul Ball, location: 2F 1-1: Ground out 6-3 (Groundball, 6, EV 106.9 MPH)
|
| Top of the 6th over - 0 runs, 1 hit, 0 errors, 1 left on base; Altoona 0 - San Antonio 2 |
| BOTTOM OF THE 6TH |
|
San Antonio Missions batting - Pitching for Altoona Curve : RHP Justin Jones
|
|
Batting: RHB Scott Schwartz
|
0-0: Called Strike 0-1: Ball 1-1: Swinging Strike 1-2: Strikes out swinging
|
|
Batting: LHB Josh Slusarczyk
|
0-0: Called Strike 0-1: Foul Ball, location: 2F 0-2: Ball 1-2: Strikes out swinging
|
|
Batting: RHB Min-chin Yi
|
0-0: Ball 1-0: Foul Ball, location: 2F 1-1: Ground out 5-3 (Groundball, 56, EV 78.1 MPH)
|
| Bottom of the 6th over - 0 runs, 0 hits, 0 errors, 0 left on base; Altoona 0 - San Antonio 2 |
| TOP OF THE 7TH |
|
Altoona Curve batting - Pitching for San Antonio Missions : RHP Eric Ovitt
|
|
Batting: RHB Matt Keef
|
0-0: Ground out 5-3 (Groundball, 56S, EV 80.6 MPH)
|
|
Batting: RHB Terry Sutherland
|
0-0: Ball 1-0: Ball 2-0: Ball 3-0: Base on Balls
|
|
Batting: SHB Trevor Weareorwear
|
0-0: Ball 1-0: Ball 2-0: Ground out 4-3 (Groundball, 34D, EV 103.8 MPH) Terry Sutherland to second
|
|
Batting: RHB Killian Jones
|
0-0: Called Strike 0-1: Ball 1-1: Swinging Strike 1-2: SINGLE (Groundball, 56D, EV 110.0 MPH) Terry Sutherland to third Runner from 3rd tries for Home, SAFE, throw by LF to home
|
|
Pitching: RHP Travis White
|
|
|
Batting: SHB Jerry Massey
|
0-0: Ball 1-0: Ground out U3 (Groundball, 3, EV 86.9 MPH)
|
| Top of the 7th over - 1 run, 1 hit, 0 errors, 1 left on base; Altoona 1 - San Antonio 2 |
| BOTTOM OF THE 7TH |
|
San Antonio Missions batting - Pitching for Altoona Curve : RHP Justin Jones
|
|
Batting: LHB Alejandro Matos
|
0-0: Fly out, F7 (Flyball, 7S, EV 85.0 MPH)
|
|
Batting: SHB Ryohei Nakano
|
0-0: Ball 1-0: Ball 2-0: Ball 3-0: Called Strike 3-1: Swinging Strike 3-2: Strikes out swinging
|
|
Batting: LHB Tsutomu Miyahara
|
0-0: Called Strike 0-1: Swinging Strike 0-2: Ball 1-2: SINGLE (Groundball, 25, EV 70.6 MPH) (infield hit)
|
|
Batting: LHB Ryan Flynn Jr.
|
0-0: Ball Tsutomu Miyahara steals 2nd base 1-0: Called Strike 1-1: Ball 2-1: Swinging Strike 2-2: Foul Ball, location: 2F 2-2: Strikes out looking
|
| Bottom of the 7th over - 0 runs, 1 hit, 0 errors, 1 left on base; Altoona 1 - San Antonio 2 |
| TOP OF THE 8TH |
|
Altoona Curve batting - Pitching for San Antonio Missions : RHP Travis White
|
|
Batting: RHB Keiji Nakajima
|
0-0: Called Strike 0-1: Swinging Strike 0-2: Strikes out looking
|
|
Batting: RHB Pedro Criollo
|
0-0: Called Strike 0-1: Called Strike 0-2: SINGLE (Groundball, 5D, EV 95.0 MPH)
|
|
Batting: RHB Nelson Ozuna
|
0-0: Called Strike 0-1: Fly out, F8 (Line Drive, 8LD, EV 95.6 MPH)
|
|
Batting: LHB Jesse Henly
|
0-0: Ball 1-0: Called Strike 1-1: Ball 2-1: Ball 3-1: Foul Ball, location: 2F 3-2: Base on Balls Pedro Criollo to second
|
|
Batting: RHB Matt Keef
|
0-0: Swinging Strike 0-1: Ground out 3-1 (Groundball, 34S, EV 63.1 MPH)
|
| Top of the 8th over - 0 runs, 1 hit, 0 errors, 2 left on base; Altoona 1 - San Antonio 2 |
| BOTTOM OF THE 8TH |
|
San Antonio Missions batting - Pitching for Altoona Curve : RHP Justin Jones
|
|
Pitching: RHP Robby Poyfair
|
|
|
Batting: LHB Conrad Taylor
|
0-0: Swinging Strike 0-1: Ball 1-1: Called Strike 1-2: Ball 2-2: Foul Ball, location: 2F 2-2: DOUBLE (Line Drive, 7LD, EV 108.8 MPH)
|
|
Batting: SHB Curtis Thompson
|
0-0: Called Strike 0-1: Ball 1-1: Ball 2-1: Ball 3-1: Swinging Strike 3-2: Strikes out swinging
|
|
Batting: RHB Scott Schwartz
|
0-0: Called Strike 0-1: Called Strike 0-2: Ball 1-2: Ball 2-2: SINGLE (Groundball, 56D, EV 110.6 MPH) Conrad Taylor to third
|
|
Batting: LHB Josh Slusarczyk
|
0-0: Ball Scott Schwartz steals 2nd base 1-0: Ball 2-0: Ball 3-0: Base on Balls
|
|
Batting: RHB Min-chin Yi
|
0-0: Foul Ball, location: 2F 0-1: Swinging Strike 0-2: Ball 1-2: Strikes out swinging
|
|
Batting: LHB Alejandro Matos
|
0-0: Called Strike 0-1: Ball 1-1: Called Strike 1-2: Strikes out swinging
|
| Bottom of the 8th over - 0 runs, 2 hits, 0 errors, 3 left on base; Altoona 1 - San Antonio 2 |
| TOP OF THE 9TH |
|
Altoona Curve batting - Pitching for San Antonio Missions : RHP Travis White
|
|
Pitching: LHP Ed Valdez
|
|
|
Batting: RHB Terry Sutherland
|
0-0: Ball 1-0: Ball 2-0: Called Strike 2-1: Ball 3-1: Foul Ball, location: 2F 3-2: Ground out 4-3 (Groundball, 4, EV 88.8 MPH)
|
|
Batting: SHB Trevor Weareorwear
|
0-0: Ball 1-0: Ball 2-0: Foul Ball, location: 2F 2-1: Swinging Strike 2-2: Ball 3-2: Ground out 6-3 (Groundball, 56, EV 87.5 MPH)
|
|
Batting: RHB Killian Jones
|
0-0: Ball 1-0: Called Strike 1-1: Ball 2-1: Ball 3-1: Base on Balls
|
|
Batting: SHB Jerry Massey
|
0-0: Ball 1-0: Ball 2-0: Ball 3-0: Called Strike 3-1: Called Strike 3-2: Strikes out swinging
|
| Top of the 9th over - 0 runs, 0 hits, 0 errors, 1 left on base; Altoona 1 - San Antonio 2 |
|